Connexion

IceHogs vs Wild

Created - 15 janvier 2024 at 08:20

Goals
1 2 3 T
IceHogs 3 1 1 5
Wild 1 1 1 3
Shots
1 2 3 T
IceHogs 19 10 15 44
Wild 10 8 15 33

GoalsPenalties
1st period
1. IceHogs , Brendan Gaunce 13 (Andrew Sturtz 13) at 1:43
2. IceHogs , Riley Sheahan 24 (William Carrier 15) at 7:42
3. IceHogs , Jean-Sébastien Dea 25 (Mikhail Vorobyov 13, Cameron Gaunce 40) at 10:46
4. Wild , Michael Mersch 12 (Kasper Bjorkqvist 22, Jeremy Gregoire 20) at 12:55
Danick Martel (IOW) for Holding (Minor) at 1:56
Erik Cernak (RCK) for Holding (Minor) at 15:07
Connor Hobbs (IOW) for Slashing (Minor) at 18:48
2nd period
5. IceHogs , Cedric Paquette 14 (Jean-Sébastien Dea 50, Brandon Hickey 32) at 3:13
6. Wild , Tanner Pearson 22 (Anders Bjork 24, Joseph Gambardella 25) at 3:34
Ben Thomas (IOW) for Hooking (Minor) at 6:07
Joseph Gambardella (IOW) for Tripping (Minor) at 11:08
Riley Sheahan (RCK) for Boarding (Minor) at 19:21
3rd period
7. IceHogs , Riley Sheahan 25 (William Carrier 16, Frederic Allard 13) at 6:25 (PP)
8. Wild , Lukas Jasek 10 (Ryan Kuffner 2) at 13:16
Tanner Pearson (IOW) for High sticking (Minor) at 2:42
Michael Mersch (IOW) for Tripping (Minor) at 6:21
Goalie Stats
Christopher Gibson (RCK), 30 saves from 33 shots - (0,909), W, 30-17-2, 60:00 minutes
Maxime Lagace (IOW), 39 saves from 44 shots - (0,886), L, 32-15-0, 60:00 minutes
3 StarsOfficial
1 - Jean-Sébastien Dea (RCK)
2 - Riley Sheahan (RCK)
3 - Cedric Paquette (RCK)
Referees : Ian Walsh and Kyle Rehman
Linesman : Don Henderson and Steve Barton
Game Note
No Game Note
Finance
Level 1 -- Attendance: 1664 (83,20%) -- Ticket Income $66,560
Level 2 -- Attendance: 1000 (100,00%) -- Ticket Income $20,000
Total Attendance: 2664 (88,80%)
Total Ticket Income: $86,560
Other Income: $17,312
Total Income: $103,872



Team Name Goals Shots Shots Attemp Shots Blocked PIM HIT PP PK FO%
IceHogs 5449174181 / 6 (17%)054%
Wild 333651412320 / 2 (0%)146%

IceHogs
Player Name POS G A P +/- PIM HIT SHT SB MP PP MP PP SHT PK MP PK SHT FO% FOT
Andrew SturtzRW011-1003014:210:0000:0000% 0
Brandon GignacC000000000:000:0000:0000% 0
Brandon HickeyD0111040121:534:3901:5000% 0
Brendan GaunceC/LW101-1003014:210:0000:00050% 22
Cameron Gaunce D0111001025:315:2012:0800% 0
Cedric PaquetteC/LW1011035022:255:5901:13067% 3
Charles HudonLW/RW0000012018:434:0010:0900% 2
Colton SceviourC/LW/RW000-1000014:450:0000:2400% 1
Danny O'ReganC/RW0001005023:485:5912:360100% 2
Erik CernakD0001251125:125:2011:0600% 0
Frederic AllardD0111002321:534:3911:5000% 0
Jack DoughertyD000-1011112:540:0001:0200% 0
Jean-Sébastien DeaC/RW11220010025:285:5932:21058% 40
Mark AltD000-1001112:360:0000:0000% 0
Mikhail VorobyovC011100001:550:0000:00060% 5
Riley SheahanC2020214018:334:0020:00057% 28
William CarrierLW/RW0220025019:474:0021:13033% 3
Zack O'BrienC/RW000101101:550:0000:0000% 1
Wild
Player Name POS G A P +/- PIM HIT SHT SB MP PP MP PP SHT PK MP PK SHT FO% FOT
Anders BjorkLW/RW0111014024:352:2706:40067% 3
Anthony LouisC/LW000-3001017:511:3110:550100% 1
Antti SuomelaC000000000:320:0000:320100% 1
Ben GleasonD000-2033121:062:0904:2500% 0
Ben ThomasD0001230313:140:0000:0000% 0
Connor HobbsD000-2212020:112:0913:3100% 0
Danick MartelC/LW000-3223218:451:3111:50036% 28
Dillon SimpsonD0000051125:391:4915:3400% 0
Eemeli RasanenD0001050214:090:0000:5400% 0
Jalen ChatfieldD0000010225:391:4905:3400% 0
Jeremy GregoireC/LW/RW0110000013:140:0000:00044% 16
Joseph GambardellaC/LW0111232119:442:2701:50050% 32
Kasper BjorkqvistLW/RW0110023016:090:0002:55029% 7
Lukas JasekC/RW101100201:560:0000:00071% 7
Michael MerschLW/RW1010204013:130:0000:000100% 1
Ryan KuffnerLW011100101:560:0000:0000% 0
Tanner PearsonLW1012257125:062:2705:16040% 10
Taylor RaddyshRW000-3010116:561:3100:0000% 1



Play-by-Play

1st period


0:01 of 1st period - Anders Bjork wins face-off versus Jean-Sébastien Dea in neutral zone.
0:56 of 1st period - Shot by William Carrier.
0:56 of 1st period - Shot Misses the Net.
1:26 of 1st period - Riley Sheahan is hit by Dillon Simpson and loses puck.
1:37 of 1st period - Shot by Brendan Gaunce.
1:37 of 1st period - Stopped by Maxime Lagace without a rebound.
1:38 of 1st period - Brendan Gaunce wins face-off versus Danick Martel in Wild zone.
1:43 of 1st period - Shot by Brendan Gaunce.
1:43 of 1st period - Goal by Brendan Gaunce - IceHogs : 1 - Wild : 0.
1:44 of 1st period - Danick Martel wins face-off versus Brendan Gaunce in neutral zone.
1:53 of 1st period - Shot by Ben Gleason.
1:53 of 1st period - Shot Misses the Net.
1:56 of 1st period - Minor Penalty to Danick Martel for Holding.
1:57 of 1st period - Kasper Bjorkqvist wins face-off versus Jean-Sébastien Dea in Wild zone.
2:07 of 1st period - Shot by Cameron Gaunce .
2:07 of 1st period - Shot Misses the Net.
2:29 of 1st period - Shot by Cameron Gaunce .
2:29 of 1st period - Stopped by Maxime Lagace with a rebound.
2:31 of 1st period - Shot by Jean-Sébastien Dea.
2:31 of 1st period - Shot Misses the Net.
2:55 of 1st period - Shot by Charles Hudon.
2:55 of 1st period - Shot Misses the Net.
3:18 of 1st period - Shot by Frederic Allard.
3:18 of 1st period - Deflect By Riley Sheahan.
3:18 of 1st period - Stopped by Maxime Lagace without a rebound.
3:19 of 1st period - Jean-Sébastien Dea wins face-off versus Joseph Gambardella in Wild zone.
3:20 of 1st period - Shot by Danny O'Regan.
3:20 of 1st period - Stopped by Maxime Lagace without a rebound.
3:21 of 1st period - Jean-Sébastien Dea wins face-off versus Joseph Gambardella in Wild zone.
3:32 of 1st period - Shot by Jean-Sébastien Dea.
3:32 of 1st period - Stopped by Maxime Lagace without a rebound.
3:33 of 1st period - Riley Sheahan wins face-off versus Tanner Pearson in Wild zone.
3:38 of 1st period - Shot by Charles Hudon.
3:38 of 1st period - Shot Misses the Net.
3:47 of 1st period - Icing by Frederic Allard.
3:48 of 1st period - Joseph Gambardella wins face-off versus William Carrier in IceHogs zone.
4:24 of 1st period - Cameron Gaunce is hit by Eemeli Rasanen and loses puck.
4:30 of 1st period - Off-side.
4:31 of 1st period - Jean-Sébastien Dea wins face-off versus Kasper Bjorkqvist in neutral zone.
4:36 of 1st period - Shot by Danny O'Regan.
4:36 of 1st period - Stopped by Maxime Lagace without a rebound.
4:37 of 1st period - Jean-Sébastien Dea wins face-off versus Jeremy Gregoire in Wild zone.
4:41 of 1st period - Icing by Jeremy Gregoire.
4:42 of 1st period - Jeremy Gregoire wins face-off versus Jean-Sébastien Dea in Wild zone.
4:42 of 1st period - Connor Hobbs is hit by Cedric Paquette.
5:04 of 1st period - Shot by Jean-Sébastien Dea.
5:04 of 1st period - Stopped by Maxime Lagace without a rebound.
5:05 of 1st period - Danick Martel wins face-off versus Riley Sheahan in Wild zone.
5:05 of 1st period - Dillon Simpson is hit by Riley Sheahan and loses puck.
5:14 of 1st period - William Carrier is hit by Danick Martel and loses puck.
5:29 of 1st period - Shot by Anthony Louis.
5:29 of 1st period - Shot Blocked by Erik Cernak.
5:31 of 1st period - Shot by Danick Martel.
5:31 of 1st period - Stopped by Christopher Gibson without a rebound.
5:32 of 1st period - Joseph Gambardella wins face-off versus Jean-Sébastien Dea in IceHogs zone.
5:33 of 1st period - Shot by Anders Bjork.
5:33 of 1st period - Shot Blocked by Frederic Allard.
5:43 of 1st period - Shot by Jean-Sébastien Dea.
5:43 of 1st period - Stopped by Maxime Lagace without a rebound.
5:44 of 1st period - Jeremy Gregoire wins face-off versus Brendan Gaunce in Wild zone.
6:37 of 1st period - Icing by Eemeli Rasanen.
6:38 of 1st period - Jean-Sébastien Dea wins face-off versus Jeremy Gregoire in Wild zone.
6:39 of 1st period - Shot by Cedric Paquette.
6:39 of 1st period - Stopped by Maxime Lagace without a rebound.
6:40 of 1st period - Joseph Gambardella wins face-off versus Jean-Sébastien Dea in Wild zone.
7:36 of 1st period - Off-side.
7:37 of 1st period - Riley Sheahan wins face-off versus Danick Martel in neutral zone.
7:40 of 1st period - Shot by William Carrier.
7:40 of 1st period - Shot Blocked by Ben Gleason.
7:42 of 1st period - Shot by Riley Sheahan.
7:42 of 1st period - Goal by Riley Sheahan - IceHogs : 2 - Wild : 0.
7:43 of 1st period - Danick Martel wins face-off versus Riley Sheahan in neutral zone.
9:20 of 1st period - Shot by Jean-Sébastien Dea.
9:20 of 1st period - Shot Misses the Net.
9:33 of 1st period - Icing by Eemeli Rasanen.
9:34 of 1st period - Brendan Gaunce wins face-off versus Jeremy Gregoire in Wild zone.
9:34 of 1st period - Andrew Sturtz is hit by Ben Thomas and loses puck.
9:51 of 1st period - Icing by Jack Dougherty.
9:52 of 1st period - Brendan Gaunce wins face-off versus Joseph Gambardella in IceHogs zone.
9:52 of 1st period - Brendan Gaunce is hit by Joseph Gambardella.
10:16 of 1st period - Shot by Tanner Pearson.
10:16 of 1st period - Deflect By Anders Bjork.
10:16 of 1st period - Stopped by Christopher Gibson without a rebound.
10:17 of 1st period - Mikhail Vorobyov wins face-off versus Danick Martel in IceHogs zone.
10:46 of 1st period - Shot by Jean-Sébastien Dea.
10:46 of 1st period - Goal by Jean-Sébastien Dea - IceHogs : 3 - Wild : 0.
10:47 of 1st period - Lukas Jasek wins face-off versus Riley Sheahan in neutral zone.
10:50 of 1st period - Riley Sheahan is hit by Tanner Pearson and loses puck.
10:57 of 1st period - Shot by Tanner Pearson.
10:57 of 1st period - Stopped by Christopher Gibson without a rebound.
10:58 of 1st period - Joseph Gambardella wins face-off versus Brendan Gaunce in IceHogs zone.
11:20 of 1st period - Andrew Sturtz is hit by Dillon Simpson and loses puck.
11:29 of 1st period - Shot by Andrew Sturtz.
11:29 of 1st period - Shot Misses the Net.
11:33 of 1st period - Shot by Andrew Sturtz.
11:33 of 1st period - Deflect By Colton Sceviour.
11:33 of 1st period - Shot Blocked by Tanner Pearson.
11:38 of 1st period - Andrew Sturtz is hit by Jalen Chatfield and loses puck.
11:59 of 1st period - Shot by Jean-Sébastien Dea.
11:59 of 1st period - Shot Hit the Post.
12:01 of 1st period - Shot by Cedric Paquette.
12:01 of 1st period - Stopped by Maxime Lagace without a rebound.
12:02 of 1st period - Riley Sheahan wins face-off versus Danick Martel in Wild zone.
12:53 of 1st period - Shot by Kasper Bjorkqvist.
12:53 of 1st period - Shot Blocked by Frederic Allard.
12:55 of 1st period - Shot by Michael Mersch.
12:55 of 1st period - Goal by Michael Mersch - IceHogs : 3 - Wild : 1.
12:56 of 1st period - Jeremy Gregoire wins face-off versus Jean-Sébastien Dea in neutral zone.
13:19 of 1st period - Michael Mersch is hit by Cedric Paquette and loses puck.
13:50 of 1st period - Shot by Ryan Kuffner.
13:50 of 1st period - Stopped by Christopher Gibson without a rebound.
13:51 of 1st period - Joseph Gambardella wins face-off versus Brendan Gaunce in IceHogs zone.
13:56 of 1st period - Shot by Tanner Pearson.
13:56 of 1st period - Shot Blocked by Jack Dougherty.
13:58 of 1st period - Shot by Tanner Pearson.
13:58 of 1st period - Stopped by Christopher Gibson without a rebound.
13:59 of 1st period - Joseph Gambardella wins face-off versus Colton Sceviour in IceHogs zone.
14:13 of 1st period - Icing by Colton Sceviour.
14:14 of 1st period - Brendan Gaunce wins face-off versus Danick Martel in IceHogs zone.
14:16 of 1st period - Icing by Brandon Hickey.
14:17 of 1st period - Brendan Gaunce wins face-off versus Lukas Jasek in IceHogs zone.
14:24 of 1st period - Shot by Andrew Sturtz.
14:24 of 1st period - Stopped by Maxime Lagace with a rebound.
14:26 of 1st period - Shot by Frederic Allard.
14:26 of 1st period - Stopped by Maxime Lagace without a rebound.
14:27 of 1st period - Jean-Sébastien Dea wins face-off versus Danick Martel in Wild zone.
14:30 of 1st period - Shot by Jean-Sébastien Dea.
14:30 of 1st period - Shot Misses the Net.
14:32 of 1st period - Shot by Cameron Gaunce .
14:32 of 1st period - Shot Misses the Net.
14:34 of 1st period - Shot by Jean-Sébastien Dea.
14:34 of 1st period - Stopped by Maxime Lagace without a rebound.
14:35 of 1st period - Jean-Sébastien Dea wins face-off versus Joseph Gambardella in Wild zone.
14:39 of 1st period - Icing by Jalen Chatfield.
14:40 of 1st period - Anders Bjork wins face-off versus Jean-Sébastien Dea in Wild zone.
14:46 of 1st period - Icing by Jalen Chatfield.
14:47 of 1st period - Jean-Sébastien Dea wins face-off versus Joseph Gambardella in Wild zone.
15:07 of 1st period - Minor Penalty to Erik Cernak for Holding.
15:08 of 1st period - Danick Martel wins face-off versus Jean-Sébastien Dea in IceHogs zone.
15:09 of 1st period - Shot by Ben Gleason.
15:09 of 1st period - Shot Misses the Net.
15:11 of 1st period - Shot by Taylor Raddysh.
15:11 of 1st period - Shot Misses the Net.
15:19 of 1st period - Shot by Danick Martel.
15:19 of 1st period - Stopped by Christopher Gibson without a rebound.
15:20 of 1st period - Danny O'Regan wins face-off versus Joseph Gambardella in IceHogs zone.
15:31 of 1st period - Cameron Gaunce is hit by Joseph Gambardella and loses puck.
15:52 of 1st period - Shot by Dillon Simpson.
15:52 of 1st period - Stopped by Christopher Gibson with a rebound.
15:54 of 1st period - Shot by Jalen Chatfield.
15:54 of 1st period - Shot Misses the Net.
16:45 of 1st period - Shot by Connor Hobbs.
16:45 of 1st period - Stopped by Christopher Gibson with a rebound.
18:01 of 1st period - Off-side.
18:02 of 1st period - Lukas Jasek wins face-off versus Mikhail Vorobyov in neutral zone.
18:13 of 1st period - Shot by Lukas Jasek.
18:13 of 1st period - Stopped by Christopher Gibson without a rebound.
18:14 of 1st period - Riley Sheahan wins face-off versus Danick Martel in IceHogs zone.
18:28 of 1st period - Icing by Anthony Louis.
18:29 of 1st period - Jean-Sébastien Dea wins face-off versus Danick Martel in Wild zone.
18:30 of 1st period - Shot by Danny O'Regan.
18:30 of 1st period - Deflect By Jean-Sébastien Dea.
18:30 of 1st period - Stopped by Maxime Lagace with a rebound.
18:32 of 1st period - Shot by Brandon Hickey.
18:32 of 1st period - Shot Misses the Net.
18:40 of 1st period - Shot by Cedric Paquette.
18:40 of 1st period - Shot Misses the Net.
18:47 of 1st period - Danny O'Regan is hit by Ben Gleason and loses puck.
18:48 of 1st period - Minor Penalty to Connor Hobbs for Slashing.
18:49 of 1st period - Tanner Pearson wins face-off versus Riley Sheahan in Wild zone.
18:58 of 1st period - Shot by Riley Sheahan.
18:58 of 1st period - Deflect By Charles Hudon.
18:58 of 1st period - Stopped by Maxime Lagace with a rebound.
19:00 of 1st period - Shot by Erik Cernak.
19:00 of 1st period - Shot Blocked by Jalen Chatfield.
19:04 of 1st period - Shot by William Carrier.
19:04 of 1st period - Stopped by Maxime Lagace without a rebound.
19:05 of 1st period - Jean-Sébastien Dea wins face-off versus Tanner Pearson in Wild zone.
19:09 of 1st period - Jean-Sébastien Dea is hit by Ben Gleason and loses puck.
19:24 of 1st period - Shot by Anders Bjork.
19:24 of 1st period - Deflect By Tanner Pearson.
19:24 of 1st period - Shot Blocked by Frederic Allard.
19:26 of 1st period - Shot by Dillon Simpson.
19:26 of 1st period - Shot Misses the Net.
Goals for this period are 3 for IceHogs vs 1 for Wild.
Shots for this period are 19 for IceHogs vs 10 for Wild.

2nd period


0:01 of 2nd period - Tanner Pearson wins face-off versus Jean-Sébastien Dea in neutral zone.
0:56 of 2nd period - Shot by William Carrier.
0:56 of 2nd period - Stopped by Maxime Lagace with a rebound.
0:59 of 2nd period - Icing by Dillon Simpson.
1:00 of 2nd period - Kasper Bjorkqvist wins face-off versus Brendan Gaunce in Wild zone.
1:59 of 2nd period - Shot by Tanner Pearson.
1:59 of 2nd period - Stopped by Christopher Gibson without a rebound.
2:00 of 2nd period - Riley Sheahan wins face-off versus Danick Martel in IceHogs zone.
2:36 of 2nd period - Anthony Louis is hit by Erik Cernak and loses puck.
2:40 of 2nd period - Anthony Louis is hit by Erik Cernak and loses puck.
2:57 of 2nd period - Shot by Anders Bjork.
2:57 of 2nd period - Shot Misses the Net.
2:59 of 2nd period - Shot by Connor Hobbs.
2:59 of 2nd period - Stopped by Christopher Gibson without a rebound.
3:00 of 2nd period - Jean-Sébastien Dea wins face-off versus Jeremy Gregoire in IceHogs zone.
3:11 of 2nd period - Shot by Jean-Sébastien Dea.
3:11 of 2nd period - Shot Misses the Net.
3:13 of 2nd period - Shot by Cedric Paquette.
3:13 of 2nd period - Goal by Cedric Paquette - IceHogs : 4 - Wild : 1.
3:14 of 2nd period - Brendan Gaunce wins face-off versus Joseph Gambardella in neutral zone.
3:28 of 2nd period - Shot by Anders Bjork.
3:28 of 2nd period - Deflect By Joseph Gambardella.
3:28 of 2nd period - Shot Misses the Net.
3:30 of 2nd period - Shot by Anders Bjork.
3:30 of 2nd period - Shot Misses the Net.
3:32 of 2nd period - Shot by Tanner Pearson.
3:32 of 2nd period - Shot Misses the Net.
3:34 of 2nd period - Shot by Tanner Pearson.
3:34 of 2nd period - Goal by Tanner Pearson - IceHogs : 4 - Wild : 2.
3:35 of 2nd period - Danny O'Regan wins face-off versus Danick Martel in neutral zone.
4:03 of 2nd period - Shot by Jean-Sébastien Dea.
4:03 of 2nd period - Shot Misses the Net.
5:35 of 2nd period - Icing by Eemeli Rasanen.
5:36 of 2nd period - Riley Sheahan wins face-off versus Jeremy Gregoire in Wild zone.
5:36 of 2nd period - Riley Sheahan is hit by Ben Thomas.
5:38 of 2nd period - Shot by Jack Dougherty.
5:38 of 2nd period - Shot Blocked by Eemeli Rasanen.
5:41 of 2nd period - Icing by Jeremy Gregoire.
5:42 of 2nd period - Jean-Sébastien Dea wins face-off versus Jeremy Gregoire in Wild zone.
5:42 of 2nd period - Danny O'Regan is hit by Eemeli Rasanen and loses puck.
5:49 of 2nd period - Shot by Jean-Sébastien Dea.
5:49 of 2nd period - Shot Blocked by Ben Thomas.
6:07 of 2nd period - Shot by Jean-Sébastien Dea.
6:07 of 2nd period - Deflect By Danny O'Regan.
6:07 of 2nd period - Stopped by Maxime Lagace without a rebound.
6:07 of 2nd period - Minor Penalty to Ben Thomas for Hooking.
6:08 of 2nd period - Tanner Pearson wins face-off versus Charles Hudon in Wild zone.
6:18 of 2nd period - Icing by Frederic Allard.
6:19 of 2nd period - Riley Sheahan wins face-off versus Anders Bjork in IceHogs zone.
7:00 of 2nd period - Shot by Cedric Paquette.
7:00 of 2nd period - Shot Misses the Net.
7:02 of 2nd period - Shot by Danny O'Regan.
7:02 of 2nd period - Shot Misses the Net.
7:12 of 2nd period - Shot by Jean-Sébastien Dea.
7:12 of 2nd period - Stopped by Maxime Lagace without a rebound.
7:13 of 2nd period - Joseph Gambardella wins face-off versus Jean-Sébastien Dea in Wild zone.
7:26 of 2nd period - Shot by Cameron Gaunce .
7:26 of 2nd period - Shot Misses the Net.
7:32 of 2nd period - Erik Cernak is hit by Danick Martel and loses puck.
7:48 of 2nd period - Icing by Cameron Gaunce .
7:49 of 2nd period - Jean-Sébastien Dea wins face-off versus Tanner Pearson in IceHogs zone.
8:14 of 2nd period - Shot by Kasper Bjorkqvist.
8:14 of 2nd period - Stopped by Christopher Gibson without a rebound.
8:15 of 2nd period - Anthony Louis wins face-off versus Riley Sheahan in IceHogs zone.
8:20 of 2nd period - Icing by William Carrier.
8:21 of 2nd period - Danick Martel wins face-off versus Riley Sheahan in IceHogs zone.
8:26 of 2nd period - Shot by Danick Martel.
8:26 of 2nd period - Stopped by Christopher Gibson without a rebound.
8:27 of 2nd period - Riley Sheahan wins face-off versus Danick Martel in IceHogs zone.
8:32 of 2nd period - Icing by Frederic Allard.
8:33 of 2nd period - Riley Sheahan wins face-off versus Joseph Gambardella in IceHogs zone.
8:38 of 2nd period - William Carrier is hit by Anders Bjork and loses puck.
8:55 of 2nd period - Shot by William Carrier.
8:55 of 2nd period - Shot Blocked by Jalen Chatfield.
8:57 of 2nd period - Shot by Brandon Hickey.
8:57 of 2nd period - Shot Blocked by Joseph Gambardella.
8:59 of 2nd period - Shot by William Carrier.
8:59 of 2nd period - Deflect By Riley Sheahan.
8:59 of 2nd period - Stopped by Maxime Lagace without a rebound.
9:00 of 2nd period - Jean-Sébastien Dea wins face-off versus Danick Martel in Wild zone.
9:21 of 2nd period - Shot by Danny O'Regan.
9:21 of 2nd period - Shot Blocked by Taylor Raddysh.
9:23 of 2nd period - Shot by Jean-Sébastien Dea.
9:23 of 2nd period - Stopped by Maxime Lagace without a rebound.
9:24 of 2nd period - Joseph Gambardella wins face-off versus William Carrier in Wild zone.
9:32 of 2nd period - Joseph Gambardella is hit by Brandon Hickey and loses puck.
9:58 of 2nd period - Icing by Brandon Hickey.
9:59 of 2nd period - Riley Sheahan wins face-off versus Danick Martel in IceHogs zone.
10:09 of 2nd period - Icing by Ben Gleason.
10:10 of 2nd period - Danick Martel wins face-off versus Jean-Sébastien Dea in Wild zone.
10:48 of 2nd period - Icing by Connor Hobbs.
10:49 of 2nd period - Brendan Gaunce wins face-off versus Danick Martel in Wild zone.
11:08 of 2nd period - Minor Penalty to Joseph Gambardella for Tripping.
11:09 of 2nd period - William Carrier wins face-off versus Tanner Pearson in Wild zone.
11:40 of 2nd period - Shot by Charles Hudon.
11:40 of 2nd period - Shot Misses the Net.
11:42 of 2nd period - Shot by Brandon Hickey.
11:42 of 2nd period - Shot Misses the Net.
11:44 of 2nd period - Shot by Charles Hudon.
11:44 of 2nd period - Shot Misses the Net.
11:46 of 2nd period - Shot by William Carrier.
11:46 of 2nd period - Stopped by Maxime Lagace without a rebound.
11:47 of 2nd period - Jean-Sébastien Dea wins face-off versus Kasper Bjorkqvist in Wild zone.
11:48 of 2nd period - Shot by Erik Cernak.
11:48 of 2nd period - Stopped by Maxime Lagace without a rebound.
11:49 of 2nd period - Tanner Pearson wins face-off versus Jean-Sébastien Dea in Wild zone.
11:55 of 2nd period - Icing by Cameron Gaunce .
11:56 of 2nd period - Jean-Sébastien Dea wins face-off versus Tanner Pearson in IceHogs zone.
12:23 of 2nd period - Shot by Danny O'Regan.
12:23 of 2nd period - Shot Misses the Net.
13:10 of 2nd period - Andrew Sturtz is hit by Eemeli Rasanen and loses puck.
13:19 of 2nd period - Shot by Andrew Sturtz.
13:19 of 2nd period - Shot Misses the Net.
13:27 of 2nd period - Shot by Andrew Sturtz.
13:27 of 2nd period - Deflect By Brendan Gaunce.
13:27 of 2nd period - Shot Blocked by Ben Thomas.
13:29 of 2nd period - Shot by Brendan Gaunce.
13:29 of 2nd period - Shot Blocked by Danick Martel.
13:31 of 2nd period - Shot by Mark Alt.
13:31 of 2nd period - Stopped by Maxime Lagace without a rebound.
13:32 of 2nd period - Jeremy Gregoire wins face-off versus Riley Sheahan in Wild zone.
13:32 of 2nd period - Kasper Bjorkqvist is hit by William Carrier and loses puck.
13:58 of 2nd period - Jeremy Gregoire is hit by Brandon Hickey and loses puck.
14:03 of 2nd period - Shot by Kasper Bjorkqvist.
14:03 of 2nd period - Shot Misses the Net.
14:05 of 2nd period - Shot by Kasper Bjorkqvist.
14:05 of 2nd period - Shot Misses the Net.
14:07 of 2nd period - Shot by Michael Mersch.
14:07 of 2nd period - Stopped by Christopher Gibson without a rebound.
14:08 of 2nd period - Joseph Gambardella wins face-off versus Brendan Gaunce in IceHogs zone.
14:09 of 2nd period - Shot by Tanner Pearson.
14:09 of 2nd period - Stopped by Christopher Gibson with a rebound.
14:34 of 2nd period - Shot by Jalen Chatfield.
14:34 of 2nd period - Shot Misses the Net.
15:15 of 2nd period - Shot by Jean-Sébastien Dea.
15:15 of 2nd period - Shot Misses the Net.
16:31 of 2nd period - Shot by Kasper Bjorkqvist.
16:31 of 2nd period - Stopped by Christopher Gibson without a rebound.
16:32 of 2nd period - Lukas Jasek wins face-off versus Brendan Gaunce in IceHogs zone.
16:40 of 2nd period - Icing by Mark Alt.
16:41 of 2nd period - Brendan Gaunce wins face-off versus Joseph Gambardella in IceHogs zone.
16:41 of 2nd period - Brendan Gaunce is hit by Tanner Pearson.
16:46 of 2nd period - Jack Dougherty is hit by Ben Thomas and loses puck.
16:49 of 2nd period - Shot by Colton Sceviour.
16:49 of 2nd period - Deflect By Andrew Sturtz.
16:49 of 2nd period - Shot Blocked by Ben Thomas.
17:01 of 2nd period - Shot by Brendan Gaunce.
17:01 of 2nd period - Stopped by Maxime Lagace without a rebound.
17:02 of 2nd period - Jean-Sébastien Dea wins face-off versus Taylor Raddysh in Wild zone.
17:28 of 2nd period - Icing by Dillon Simpson.
17:29 of 2nd period - Danick Martel wins face-off versus Charles Hudon in Wild zone.
17:49 of 2nd period - Off-side.
17:50 of 2nd period - Jean-Sébastien Dea wins face-off versus Joseph Gambardella in neutral zone.
17:53 of 2nd period - Joseph Gambardella is hit by Cedric Paquette and loses puck.
18:04 of 2nd period - Danny O'Regan is hit by Tanner Pearson.
18:29 of 2nd period - Icing by Jean-Sébastien Dea.
18:30 of 2nd period - Jeremy Gregoire wins face-off versus Jean-Sébastien Dea in IceHogs zone.
18:51 of 2nd period - Kasper Bjorkqvist is hit by William Carrier and loses puck.
18:57 of 2nd period - William Carrier is hit by Dillon Simpson and loses puck.
19:21 of 2nd period - Minor Penalty to Riley Sheahan for Boarding.
19:22 of 2nd period - Jean-Sébastien Dea wins face-off versus Joseph Gambardella in IceHogs zone.
19:22 of 2nd period - Jean-Sébastien Dea is hit by Joseph Gambardella.
19:56 of 2nd period - Shot by Tanner Pearson.
19:56 of 2nd period - Shot Misses the Net.
Goals for this period are 1 for IceHogs vs 1 for Wild.
Shots for this period are 10 for IceHogs vs 8 for Wild.

3rd period


0:01 of 3rd period - Joseph Gambardella wins face-off versus Jean-Sébastien Dea in neutral zone.
1:08 of 3rd period - Shot by Anthony Louis.
1:08 of 3rd period - Stopped by Christopher Gibson without a rebound.
1:09 of 3rd period - Danick Martel wins face-off versus Cedric Paquette in IceHogs zone.
1:19 of 3rd period - Danick Martel is hit by Brandon Hickey and loses puck.
1:23 of 3rd period - Kasper Bjorkqvist is hit by Jack Dougherty and loses puck.
1:28 of 3rd period - Shot by Michael Mersch.
1:28 of 3rd period - Stopped by Christopher Gibson without a rebound.
1:29 of 3rd period - Riley Sheahan wins face-off versus Jeremy Gregoire in IceHogs zone.
1:42 of 3rd period - Shot by William Carrier.
1:42 of 3rd period - Stopped by Maxime Lagace without a rebound.
1:43 of 3rd period - Brendan Gaunce wins face-off versus Joseph Gambardella in Wild zone.
1:48 of 3rd period - Shot by Andrew Sturtz.
1:48 of 3rd period - Stopped by Maxime Lagace without a rebound.
1:49 of 3rd period - Joseph Gambardella wins face-off versus Jean-Sébastien Dea in Wild zone.
1:54 of 3rd period - Shot by Joseph Gambardella.
1:54 of 3rd period - Shot Misses the Net.
1:56 of 3rd period - Shot by Anders Bjork.
1:56 of 3rd period - Shot Misses the Net.
2:04 of 3rd period - Shot by Anders Bjork.
2:04 of 3rd period - Stopped by Christopher Gibson with a rebound.
2:06 of 3rd period - Shot by Tanner Pearson.
2:06 of 3rd period - Stopped by Christopher Gibson without a rebound.
2:07 of 3rd period - Danick Martel wins face-off versus Riley Sheahan in IceHogs zone.
2:33 of 3rd period - Shot by Charles Hudon.
2:33 of 3rd period - Stopped by Maxime Lagace without a rebound.
2:34 of 3rd period - Joseph Gambardella wins face-off versus Jean-Sébastien Dea in Wild zone.
2:40 of 3rd period - Cameron Gaunce is hit by Tanner Pearson and loses puck.
2:42 of 3rd period - Minor Penalty to Tanner Pearson for High sticking.
2:43 of 3rd period - Jean-Sébastien Dea wins face-off versus Kasper Bjorkqvist in Wild zone.
2:55 of 3rd period - Icing by Cedric Paquette.
2:56 of 3rd period - Jean-Sébastien Dea wins face-off versus Kasper Bjorkqvist in IceHogs zone.
3:21 of 3rd period - Shot by Jean-Sébastien Dea.
3:21 of 3rd period - Stopped by Maxime Lagace without a rebound.
3:22 of 3rd period - Riley Sheahan wins face-off versus Kasper Bjorkqvist in Wild zone.
3:44 of 3rd period - William Carrier is hit by Kasper Bjorkqvist and loses puck.
3:48 of 3rd period - Icing by Frederic Allard.
3:49 of 3rd period - Antti Suomela wins face-off versus Riley Sheahan in IceHogs zone.
4:44 of 3rd period - Shot by Cedric Paquette.
4:44 of 3rd period - Stopped by Maxime Lagace without a rebound.
4:45 of 3rd period - Lukas Jasek wins face-off versus Brendan Gaunce in Wild zone.
5:23 of 3rd period - Shot by Colton Sceviour.
5:23 of 3rd period - Deflect By Andrew Sturtz.
5:23 of 3rd period - Shot Blocked by Eemeli Rasanen.
5:25 of 3rd period - Shot by Colton Sceviour.
5:25 of 3rd period - Shot Misses the Net.
6:11 of 3rd period - Shot by Jean-Sébastien Dea.
6:11 of 3rd period - Shot Misses the Net.
6:18 of 3rd period - Icing by Cameron Gaunce .
6:19 of 3rd period - Jeremy Gregoire wins face-off versus Jean-Sébastien Dea in IceHogs zone.
6:19 of 3rd period - Kasper Bjorkqvist is hit by Erik Cernak and loses puck.
6:21 of 3rd period - Minor Penalty to Michael Mersch for Tripping.
6:22 of 3rd period - Riley Sheahan wins face-off versus Tanner Pearson in Wild zone.
6:23 of 3rd period - Shot by Frederic Allard.
6:23 of 3rd period - Stopped by Maxime Lagace with a rebound.
6:25 of 3rd period - Shot by William Carrier.
6:25 of 3rd period - Deflect By Riley Sheahan.
6:25 of 3rd period - Goal by Riley Sheahan - IceHogs : 5 - Wild : 2.
6:26 of 3rd period - Michael Mersch wins face-off versus Riley Sheahan in neutral zone.
6:33 of 3rd period - Shot by Michael Mersch.
6:33 of 3rd period - Stopped by Christopher Gibson without a rebound.
6:34 of 3rd period - Riley Sheahan wins face-off versus Joseph Gambardella in IceHogs zone.
6:49 of 3rd period - Shot by Tanner Pearson.
6:49 of 3rd period - Stopped by Christopher Gibson with a rebound.
6:51 of 3rd period - Shot by Tanner Pearson.
6:51 of 3rd period - Shot Misses the Net.
6:53 of 3rd period - Shot by Jalen Chatfield.
6:53 of 3rd period - Shot Misses the Net.
6:55 of 3rd period - Shot by Anders Bjork.
6:55 of 3rd period - Deflect By Joseph Gambardella.
6:55 of 3rd period - Shot Misses the Net.
6:57 of 3rd period - Shot by Joseph Gambardella.
6:57 of 3rd period - Stopped by Christopher Gibson without a rebound.
6:58 of 3rd period - Cedric Paquette wins face-off versus Danick Martel in IceHogs zone.
6:58 of 3rd period - Cedric Paquette is hit by Taylor Raddysh.
7:07 of 3rd period - Anthony Louis is hit by Erik Cernak and loses puck.
7:38 of 3rd period - Shot by Ben Gleason.
7:38 of 3rd period - Stopped by Christopher Gibson without a rebound.
7:39 of 3rd period - Joseph Gambardella wins face-off versus Riley Sheahan in IceHogs zone.
7:44 of 3rd period - Shot by Anders Bjork.
7:44 of 3rd period - Shot Blocked by Brandon Hickey.
7:50 of 3rd period - Shot by Tanner Pearson.
7:50 of 3rd period - Shot Misses the Net.
7:52 of 3rd period - Shot by Jalen Chatfield.
7:52 of 3rd period - Shot Misses the Net.
8:57 of 3rd period - Shot by Ben Thomas.
8:57 of 3rd period - Deflect By Kasper Bjorkqvist.
8:57 of 3rd period - Stopped by Christopher Gibson with a rebound.
8:59 of 3rd period - Shot by Ben Thomas.
8:59 of 3rd period - Shot Blocked by Mark Alt.
9:45 of 3rd period - Shot by Danny O'Regan.
9:45 of 3rd period - Stopped by Maxime Lagace without a rebound.
9:46 of 3rd period - Mikhail Vorobyov wins face-off versus Lukas Jasek in Wild zone.
9:51 of 3rd period - Shot by Zack O'Brien.
9:51 of 3rd period - Stopped by Maxime Lagace without a rebound.
9:52 of 3rd period - Jean-Sébastien Dea wins face-off versus Joseph Gambardella in Wild zone.
9:52 of 3rd period - Jean-Sébastien Dea is hit by Dillon Simpson.
9:55 of 3rd period - Danny O'Regan is hit by Dillon Simpson and loses puck.
9:58 of 3rd period - Shot by Cedric Paquette.
9:58 of 3rd period - Stopped by Maxime Lagace without a rebound.
9:59 of 3rd period - Cedric Paquette wins face-off versus Joseph Gambardella in Wild zone.
10:04 of 3rd period - Shot by Frederic Allard.
10:04 of 3rd period - Shot Misses the Net.
10:26 of 3rd period - Shot by Jean-Sébastien Dea.
10:26 of 3rd period - Shot Misses the Net.
10:55 of 3rd period - Icing by Ben Gleason.
10:56 of 3rd period - Riley Sheahan wins face-off versus Danick Martel in Wild zone.
10:56 of 3rd period - Erik Cernak is hit by Ben Gleason.
10:58 of 3rd period - Shot by Cameron Gaunce .
10:58 of 3rd period - Shot Misses the Net.
11:15 of 3rd period - William Carrier is hit by Connor Hobbs and loses puck.
11:20 of 3rd period - Shot by Riley Sheahan.
11:20 of 3rd period - Shot Misses the Net.
11:22 of 3rd period - Shot by William Carrier.
11:22 of 3rd period - Stopped by Maxime Lagace without a rebound.
11:23 of 3rd period - Jeremy Gregoire wins face-off versus Brendan Gaunce in Wild zone.
11:39 of 3rd period - Mark Alt is hit by Kasper Bjorkqvist and loses puck.
12:03 of 3rd period - Brendan Gaunce is hit by Eemeli Rasanen and loses puck.
12:34 of 3rd period - Shot by Riley Sheahan.
12:34 of 3rd period - Shot Blocked by Dillon Simpson.
12:48 of 3rd period - Shot by Tanner Pearson.
12:48 of 3rd period - Deflect By Anders Bjork.
12:48 of 3rd period - Stopped by Christopher Gibson without a rebound.
12:49 of 3rd period - Jean-Sébastien Dea wins face-off versus Danick Martel in IceHogs zone.
13:00 of 3rd period - Shot by Danny O'Regan.
13:00 of 3rd period - Shot Blocked by Danick Martel.
13:08 of 3rd period - Shot by Danick Martel.
13:08 of 3rd period - Shot Misses the Net.
13:10 of 3rd period - Shot by Danick Martel.
13:10 of 3rd period - Shot Misses the Net.
13:12 of 3rd period - Shot by Ben Gleason.
13:12 of 3rd period - Stopped by Christopher Gibson without a rebound.
13:13 of 3rd period - Lukas Jasek wins face-off versus Brendan Gaunce in IceHogs zone.
13:16 of 3rd period - Shot by Lukas Jasek.
13:16 of 3rd period - Goal by Lukas Jasek - IceHogs : 5 - Wild : 3.
13:17 of 3rd period - Joseph Gambardella wins face-off versus Brendan Gaunce in neutral zone.
15:46 of 3rd period - Shot by Riley Sheahan.
15:46 of 3rd period - Shot Misses the Net.
15:48 of 3rd period - Shot by William Carrier.
15:48 of 3rd period - Shot Misses the Net.
15:54 of 3rd period - Shot by Charles Hudon.
15:54 of 3rd period - Deflect By William Carrier.
15:54 of 3rd period - Shot Misses the Net.
15:56 of 3rd period - Shot by Jack Dougherty.
15:56 of 3rd period - Stopped by Maxime Lagace with a rebound.
15:58 of 3rd period - Shot by Charles Hudon.
15:58 of 3rd period - Shot Misses the Net.
16:21 of 3rd period - Icing by Erik Cernak.
16:22 of 3rd period - Joseph Gambardella wins face-off versus Mikhail Vorobyov in IceHogs zone.
16:32 of 3rd period - Icing by Erik Cernak.
16:33 of 3rd period - Mikhail Vorobyov wins face-off versus Danick Martel in IceHogs zone.
16:39 of 3rd period - Danick Martel is hit by Erik Cernak and loses puck.
16:42 of 3rd period - Shot by Danick Martel.
16:42 of 3rd period - Shot Misses the Net.
16:44 of 3rd period - Shot by Danick Martel.
16:44 of 3rd period - Shot Misses the Net.
16:46 of 3rd period - Shot by Connor Hobbs.
16:46 of 3rd period - Shot Misses the Net.
16:48 of 3rd period - Shot by Ben Gleason.
16:48 of 3rd period - Stopped by Christopher Gibson without a rebound.
16:49 of 3rd period - Brendan Gaunce wins face-off versus Joseph Gambardella in IceHogs zone.
16:49 of 3rd period - Brendan Gaunce is hit by Tanner Pearson.
17:18 of 3rd period - Tanner Pearson is hit by Brandon Hickey and loses puck.
17:29 of 3rd period - Shot by Joseph Gambardella.
17:29 of 3rd period - Stopped by Christopher Gibson with a rebound.
17:31 of 3rd period - Shot by Joseph Gambardella.
17:31 of 3rd period - Deflect By Anders Bjork.
17:31 of 3rd period - Stopped by Christopher Gibson with a rebound.
18:44 of 3rd period - Icing by Jack Dougherty.
18:45 of 3rd period - Riley Sheahan wins face-off versus Jeremy Gregoire in IceHogs zone.
19:12 of 3rd period - Shot by Danny O'Regan.
19:12 of 3rd period - Stopped by Maxime Lagace without a rebound.
19:13 of 3rd period - Joseph Gambardella wins face-off versus Zack O'Brien in Wild zone.
19:34 of 3rd period - Joseph Gambardella is hit by Zack O'Brien and loses puck.
19:41 of 3rd period - Shot by Jean-Sébastien Dea.
19:41 of 3rd period - Stopped by Maxime Lagace without a rebound.
19:42 of 3rd period - Brendan Gaunce wins face-off versus Jeremy Gregoire in Wild zone.
19:42 of 3rd period - Frederic Allard is hit by Eemeli Rasanen.
19:52 of 3rd period - Shot by Andrew Sturtz.
19:52 of 3rd period - Stopped by Maxime Lagace without a rebound.
19:53 of 3rd period - Danick Martel wins face-off versus Riley Sheahan in Wild zone.
19:53 of 3rd period - Danick Martel is hit by Charles Hudon.
Goals for this period are 1 for IceHogs vs 1 for Wild.
Shots for this period are 15 for IceHogs vs 15 for Wild.